 Dungeon Crawl Stone Soup version 0.26-a0-660-gc07710193c (webtiles) character file.

Game seed: 8915736199444275705

29252 dickylongcocking the Party-goer (level 13, -1/116 HPs)
             Began as a Minotaur Fighter on Oct 5, 2020.
             Was a Priest of Uskayaw.
             Slain by a tyrant leech (25 damage)
             ... on level 6 of the Lair of Beasts.
             The game lasted 00:17:21 (17875 turns).

dickylongcocking the Party-goer (Minotaur Fighter) Turns: 17875, Time: 00:17:22

Health: -1/116     AC: 16    Str: 24    XL:     13   Next: 14%
Magic:  8/20       EV: 16    Int:  5    God:    Uskayaw [***...]
Gold:   951        SH: 13    Dex: 14    Spells: 12/12 levels left

rFire    . . .     SeeInvis +   D - +4 dagger (freeze)
rCold    + . .     Faith    .   c - +0 kite shield
rNeg     . . .     Spirit   .   W - +3 ring mail "Agria" {+Blink +Fly MR+}
rPois    .         Reflect  .   (helmet restricted)
rElec    .         Harm     .   R - +2 cloak {MR+}
rCorr    .         Rampage  .   Q - +1 pair of gloves {archery}
MR       ++...                  (no boots)
Stlth    +.........             M - amulet of Zywaek {Acrobat Dex+2}
HPRegen  0.29/turn              k - ring of protection from cold
MPRegen  0.17/turn              O - ring of see invisible

@: lethally poisoned (-1 -> -10)
A: retaliatory headbutt, horns 2
a: Stomp, Line Pass, Renounce Religion, Evoke Blink, Evoke Flight


You were on level 6 of the Lair of Beasts.
You worshipped Uskayaw.
Uskayaw was aware of your devotion.
You visited 3 branches of the dungeon, and saw 15 of its levels.
You also visited: Gauntlet.

You collected 951 gold pieces.

Inventory:

Hand Weapons
 a - a +0 rapier
 v - a +2 dagger of venom
 D - a +4 dagger of freezing (weapon)
Missiles
 p - 236 sling bullets
 L - 2 javelins (quivered)
 V - 16 silver javelins
Armour
 b - a +0 scale mail
 c - a +0 kite shield (worn)
 d - the +27 Lear's hauberk
   (You acquired it on level 9 of the Dungeon)
 s - a +0 cloak
 w - the +1 scale mail of Servitude {rF+}
   (You found it on level 7 of the Dungeon)

   It protects you from fire.
 Q - a +1 pair of gloves of archery (worn)
 R - a +2 cloak of magic resistance (worn)
 W - the +3 ring mail "Agria" (worn) {+Blink +Fly MR+}
   (You found it in a Gauntlet)

   It affects your resistance to hostile enchantments.
   It lets you fly.
   It lets you blink.
Jewellery
 k - a ring of protection from cold (left hand)
 t - an uncursed ring of protection from fire
 G - a +6 ring of intelligence
 M - the amulet of Zywaek (around neck) {Acrobat Dex+2}
   (You found it in a Gauntlet)

   [amulet of the acrobat]

   It helps you evade while moving and waiting.
   It affects your dexterity (+2).
 N - the amulet of Ubiy {Acrobat Str-5 Dex+4}
   (You found it in a Gauntlet)

   [amulet of the acrobat]

   It helps you evade while moving and waiting.
   It affects your strength (-5).
   It affects your dexterity (+4).
 O - a ring of see invisible (right hand)
 P - a +4 ring of protection
 S - an uncursed ring of protection from cold
 T - an uncursed ring of wizardry {unknown}
 U - an uncursed ring of fire {unknown}
Wands
 n - a wand of iceblast (25)
 u - a wand of flame (26)
 E - a wand of enslavement (3)
 H - a wand of paralysis (3)
Scrolls
 e - 4 scrolls of teleportation
 g - a scroll of fear
 l - 3 scrolls of blinking {unknown}
 o - 2 scrolls of magic mapping {unknown}
 q - 6 scrolls of remove curse
 r - 2 scrolls of noise
 x - 4 scrolls of immolation
 z - 2 scrolls of enchant weapon
 A - 3 scrolls of fog
 B - 2 scrolls of torment
 C - 2 scrolls of amnesia
 F - a scroll of random uselessness {unknown}
Potions
 f - 2 potions of brilliance
 h - 5 potions of curing
 i - 3 potions of resistance
 j - 2 potions of mutation {unknown}
 m - 5 potions of stabbing
 J - a potion of haste {unknown}
 K - a potion of flight {unknown}


   Skills:
 + Level 11.5 Fighting
 + Level 8.3 Short Blades
 + Level 0.4 Throwing
 + Level 10.9 Armour
 + Level 9.2 Dodging
 + Level 1.3 Stealth
 + Level 11.3 Shields
 + Level 1.2 Unarmed Combat
 - Level 11.7 Invocations


You had 12 spell levels left.
You didn't know any spells.
Your spell library contained the following spells:

 Spells                   Type           Power        Failure   Level
 Sandblast                Erth           #.....       77%         1
 Shock                    Conj/Air       #...         77%         1
 Summon Small Mammal      Summ           #...         77%         1
 Call Imp                 Summ           #.......     88%         2
 Passwall                 Tmut/Erth      #.......     88%         2
 Poisonous Vapours        Pois/Air       #.....       88%         2
 Swiftness                Air            #.......     88%         2
 Static Discharge         Conj/Air       #.......     98%         3
 Stone Arrow              Conj/Erth      #.....       98%         3
 Airstrike                Air            #.........   100%        4
 Petrify                  Tmut/Erth      #.......     100%        4
 Sticky Flame             Conj/Fire      #.......     100%        4
 Summon Lightning Spire   Summ/Air       #.......     100%        4
 Bolt of Magma            Conj/Fire/Erth #.........   100%        5
 Iskenderun's Battlesphe  Conj           #.......     100%        5
 Lee's Rapid Deconstruct  Erth           #.........   100%        5
 Lightning Bolt           Conj/Air       #.........   100%        5
 Summon Mana Viper        Hex/Summ       #.......     100%        5
 Conjure Ball Lightning   Conj/Air       #.........   100%        6
 Iron Shot                Conj/Erth      #.........   100%        6
 Orb of Destruction       Conj           #.........   100%        7
 Spellforged Servitor     Conj/Summ      #.........   100%        7


Dungeon Overview and Level Annotations

Branches:
Dungeon (9/15)             Temple (1/1) D:5            Lair (6/6) D:9
  Swamp (0/4) Lair:2       Spider (0/4) Lair:4        Slime (0/5) Lair:6
    Orc (0/2) D:9         Gauntlet (visited)

Altars:
Ashenzari
Cheibriados
Dithmenos
Elyvilon
Fedhas
Gozag
Hepliaklqana
Kikubaaqudgha
Makhleb
Nemelex Xobeh
Okawaru
Qazlal
Ru
Sif Muna
Trog
Uskayaw
Vehumet
Wu Jian
Xom
Yredelemnul
Zin
The Shining One
Jiyva

Annotations:
Lair:1 3 runed translucent doors, flotson's ghost, novice GnDe


Innate Abilities, Weirdness & Mutations

You reflexively headbutt those who attack you in melee.
You have a pair of horns on your head.


Message History

You stomp with the beat, sending a shockwave through the revelers around you!
You kill the cane toad!
The water moccasin is heavily wounded.
You kill the bullfrog!
You feel sick. You block the water moccasin's attack.
Uskayaw will force your foes to share their pain.
Unknown command.
Unknown command.
You feel sick. The water moccasin bites you.
* * * LOW HITPOINT WARNING * * *
You are more poisoned.
The water moccasin poisons you! You block the tyrant leech's attack.
The water moccasin barely misses you. You furiously retaliate!
You headbutt the water moccasin!
Found a scroll of fear.
You stomp with the beat, sending a shockwave through the revelers around you!
The tyrant leech is moderately wounded.
You kill the water moccasin!
You feel sick. The tyrant leech bites you!!
You die...

##....####. ....##...
####.....#P###
.≈......###..##P...#.P..
....$................P..
...?......(............
###..##...#..##..#.....#
....$.#..###...........P
........†........†......
......w@................
#..................P..#.
.....^............PP.###
........................
........................
................P†.#....
................##..#...
................##...#P.
................(...


You could see a tyrant leech.

Vanquished Creatures
  A minotaur (Gauntlet)
  4 hydras
  A ghost crab (Gauntlet)
  2 catoblepae (Lair:4)
  Nergalle (Lair:4)
  2 oklob plants (Lair:3)
  A manticore (Lair:4)
  2 black mambas
  Joseph (D:8)
  Psyche (D:8)
  A torpor snail (Lair:6)
  12 cane toads
  A rime drake (Lair:3)
  3 komodo dragons (Lair:3)
  2 trolls (D:9)
  13 blink frogs
  14 yaks
  3 basilisks
  2 vampire mosquitoes (Lair:6)
  3 wargs (D:9)
  14 water moccasins
  6 orc warriors
  A swamp drake (Lair:2)
  3 phantoms
  3 black bears
  A sky beast (D:6)
  A necrophage (D:5)
  6 centaurs
  4 ogres
  13 wolves
  13 bullfrogs
  A wyvern zombie (D:4)
  A big kobold (D:9)
  6 scorpions
  11 wights
  10 killer bees
  2 howler monkeys (D:7)
  3 electric eels
  2 quasits
  2 hounds
  4 jellies
  5 orc priests
  17 orc wizards
  3 bullfrog skeletons
  18 iguanas
  12 worker ants
  2 hound zombies (D:8)
  A hound skeleton (D:8)
  16 adders
  7 gnolls
  A howler monkey skeleton (D:7)
  A shadow imp (D:6)
  3 white imps
  5 ufetubi
  An ooze (D:1)
  An adder skeleton (D:5)
  An adder zombie (D:9)
  A worm (D:3)
  2 dart slugs (D:1)
  10 leopard geckos
  39 orcs
  2 ball pythons
  5 giant cockroaches
  10 goblins
  3 hobgoblins
  14 jackals
  15 kobolds
  3 quokkas
  11 bats
  12 frilled lizards
  A giant cockroach zombie (D:5)
  A jackal skeleton (D:5)
  A jackal zombie (D:5)
  8 rats
409 creatures vanquished.

Vanquished Creatures (collateral kills)
  A catoblepas (Gauntlet)
  2 molten gargoyles (Gauntlet)
  2 gargoyles (Gauntlet)
5 creatures vanquished.

Vanquished Creatures (others)
  A water moccasin (Lair:3)
  An orc wizard (D:7)
  30 fungi
  86 plants
118 creatures vanquished.

Grand Total: 532 creatures vanquished

Notes
Turn   | Place    | Note
-------+----------+-------------------------------------------
     0 | D:1      | dickylongcocking the Minotaur Fighter began the quest for
                  | the Orb.
     0 | D:1      | Reached XP level 1. HP: 19/19 MP: 0/0
   161 | D:1      | Reached XP level 2. HP: 20/26 MP: 1/1
   685 | D:1      | Reached XP level 3. HP: 31/31 MP: 2/2
  1408 | D:2      | Reached XP level 4. HP: 40/40 MP: 3/3
  1484 | D:2      | Found a hazy altar of Hepliaklqana.
  2011 | D:3      | Reached skill level 1 in Dodging
  2046 | D:3      | Reached skill level 5 in Short Blades
  2274 | D:3      | Reached XP level 5. HP: 35/46 MP: 4/4
  2822 | D:3      | Found an opulent altar of Gozag.
  2822 | D:3      | Found a sparkling altar of Nemelex Xobeh.
  2825 | D:3      | Found a stormy altar of Qazlal.
  2905 | D:3      | Found a blossoming altar of Fedhas.
  3008 | D:4      | Reached XP level 6. HP: 41/52 MP: 5/5
  3456 | D:4      | Reached skill level 5 in Armour
  3703 | D:5      | Entered Level 5 of the Dungeon
  3836 | D:5      | Reached XP level 7. HP: 52/60 MP: 6/6
  3843 | D:5      | Found a staircase to the Ecumenical Temple.
  3849 | Temple   | Entered the Ecumenical Temple
  4429 | D:5      | Found a shimmering blue altar of Sif Muna.
  4480 | D:5      | Reached skill level 5 in Shields
  4933 | D:5      | Reached skill level 5 in Fighting
  4957 | D:5      | Reached XP level 8. HP: 67/67 MP: 7/7
  5883 | D:6      | Found a glowing silver altar of Zin.
  6345 | D:7      | Reached XP level 9. HP: 60/75 MP: 8/8
  6360 | D:7      | Reached skill level 5 in Dodging
  6360 | D:7      | Reached skill level 1 in Stealth
  6384 | D:7      | Reached skill level 1 in Unarmed Combat
  6402 | D:7      | Found a shimmering altar of Xom.
  6402 | D:7      | Found a shadowy altar of Dithmenos.
  6402 | D:7      | Found a hide-covered altar of Uskayaw.
  6424 | D:7      | Found a faded altar of an unknown god.
  6424 | D:7      | Found a faded altar of an unknown god.
  6426 | D:7      | Became a worshipper of Uskayaw the Reveler
  6700 | D:7      | Reached * piety under Uskayaw
  6706 | D:7      | Reached ** piety under Uskayaw
  6780 | D:7      | Found an iron altar of Okawaru.
  6800 | D:7      | Reached skill level 1 in Invocations
  7432 | D:7      | Got a crude scale mail
  7442 | D:7      | Identified the cursed +1 scale mail of Servitude {rF+} (You
                  | found it on level 7 of the Dungeon)
  7541 | D:8      | Noticed Psyche
  7554 | D:8      | Killed Psyche
  7764 | D:8      | Reached *** piety under Uskayaw
  7765 | D:8      | Reached skill level 5 in Invocations
  7765 | D:8      | Reached **** piety under Uskayaw
  7802 | D:8      | Reached ***** piety under Uskayaw
  8072 | D:8      | Identified the Tome of Supportive Feathers
  8243 | D:8      | Noticed Joseph
  8264 | D:8      | Killed Joseph
  8264 | D:8      | Reached XP level 10. HP: 15/83 MP: 7/14
  9362 | D:9      | Found a hazy altar of Hepliaklqana.
  9365 | D:9      | Identified a scroll of acquirement
 10512 | D:9      | Found a staircase to the Lair.
 10523 | D:9      | Found a staircase to the Orcish Mines.
 10969 | D:9      | Acquired the +27 Lear's hauberk
 10970 | D:9      | Found the +27 Lear's hauberk
 11025 | Lair:1   | Entered Level 1 of the Lair of Beasts
 11249 | Lair:1   | Noticed a cane toad
 11256 | Lair:1   | Reached skill level 10 in Invocations
 11269 | Lair:1   | Reached ****** piety under Uskayaw
 11275 | Lair:1   | Killed a cane toad
 11275 | Lair:1   | Reached XP level 11. HP: 57/95 MP: 17/17
 11583 | Lair:1   | Noticed a seven-headed hydra
 11595 | Lair:1   | Killed a seven-headed hydra
 11909 | Lair:1   | Found a runed translucent gate.
 11909 | Lair:1   | Found a runed translucent gate.
 11909 | Lair:1   | Found a runed translucent gate.
 11914 | Lair:1   | Noticed a minotaur
 11928 | Lair:1   | Noticed flotson's ghost (novice GnDe)
 12576 | Lair:2   | Found a staircase to the Swamp.
 13308 | Lair:3   | Reached skill level 10 in Fighting
 13735 | Lair:3   | Reached XP level 12. HP: 95/106 MP: 19/19
 14359 | Lair:3   | Noticed a seven-headed hydra
 14374 | Lair:3   | Killed a seven-headed hydra
 14383 | Lair:3   | Reached skill level 10 in Shields
 15676 | Lair:4   | Noticed a catoblepas
 15677 | Lair:4   | Noticed a catoblepas
 15709 | Lair:4   | Killed a catoblepas
 15709 | Lair:4   | Reached skill level 10 in Armour
 15969 | Lair:4   | Noticed Nergalle
 15995 | Lair:4   | Killed Nergalle
 16221 | Lair:4   | Noticed a catoblepas
 16239 | Lair:4   | Killed a catoblepas
 16684 | Lair:4   | Found a hole to the Spider Nest.
 16689 | Lair:4   | You fall into a shaft and drop 2 floors!
 16689 | Lair:6   | Entered Level 6 of the Lair of Beasts
 16747 | Lair:6   | Found a staircase to the Slime Pits.
 16747 | Lair:6   | Found a viscous altar of Jiyva.
 16749 | Lair:6   | Found a gate leading to a gauntlet.
 16766 | Gauntlet | Entered a Gauntlet
 16766 | Gauntlet | Found a transporter.
 16775 | Gauntlet | Found a transporter.
 16777 | Gauntlet | Found a transporter.
 16780 | Gauntlet | Found a transporter.
 16780 | Gauntlet | Found a transporter.
 16781 | Gauntlet | Found a transporter.
 16782 | Gauntlet | Noticed a death ooze
 16787 | Gauntlet | Noticed a catoblepas
 16789 | Gauntlet | Found a transporter.
 16792 | Gauntlet | Noticed a fire dragon
 16792 | Gauntlet | a catoblepas changed into a fire dragon
 16796 | Gauntlet | Found a transporter.
 16802 | Gauntlet | Noticed an ice dragon
 16802 | Gauntlet | a fire dragon changed into an ice dragon
 16805 | Gauntlet | Noticed a ghost crab
 16806 | Gauntlet | Noticed a spark wasp
 16806 | Gauntlet | an ice dragon changed into a spark wasp
 16807 | Gauntlet | a spark wasp changed into a wolf spider
 16809 | Gauntlet | Found a transporter.
 16809 | Gauntlet | Noticed a fire dragon
 16809 | Gauntlet | a wolf spider changed into a fire dragon
 16810 | Gauntlet | Noticed an ettin
 16810 | Gauntlet | a fire dragon changed into an ettin
 16812 | Gauntlet | Noticed a satyr
 16812 | Gauntlet | an ettin changed into a satyr
 16814 | Gauntlet | Noticed an ettin
 16814 | Gauntlet | a satyr changed into an ettin
 16817 | Gauntlet | Found a transporter.
 16817 | Gauntlet | Found a transporter.
 16818 | Gauntlet | Noticed a catoblepas
 16820 | Gauntlet | an ettin changed into a tyrant leech
 16825 | Gauntlet | Found a transporter.
 16963 | Gauntlet | Noticed an alligator
 17011 | Gauntlet | Killed a catoblepas
 17025 | Gauntlet | Got a flickering ruby amulet
 17031 | Gauntlet | Identified the amulet of Zywaek {Acrobat Dex+2} (You found
                  | it in a Gauntlet)
 17215 | Gauntlet | Killed a ghost crab
 17226 | Gauntlet | Got a transparent copper amulet
 17237 | Gauntlet | Identified the amulet of Ubiy {Acrobat Str-5 Dex+4} (You
                  | found it in a Gauntlet)
 17294 | Gauntlet | Noticed a minotaur
 17334 | Gauntlet | Killed a minotaur
 17338 | Gauntlet | Identified the Grimoire of Damage Dealing
 17622 | Gauntlet | Got a scorched ring mail
 17632 | Gauntlet | Identified the +3 ring mail "Agria" {+Blink +Fly MR+} (You
                  | found it in a Gauntlet)
 17692 | Lair:6   | Noticed an eight-headed hydra
 17700 | Lair:6   | Killed an eight-headed hydra
 17765 | Lair:6   | Reached XP level 13. HP: 105/116 MP: 20/20
 17875 | Lair:6   | Slain by a tyrant leech

Illustrated notes

Levels and vault maps discovered:
D:1:      dpeg_arrival_central, layout_basic, minmay_tromino_i4
D:2:      layout_basic, lemuel_tele_altar
D:3:      layout_rooms, gammafunk_temple_overflow_forgotten, fedhas_altar_4,
          kennysheep_generic_room_9
D:4:      layout_cave_pools
D:5:      minmay_chambers_of_fours, layout_basic, kennysheep_mini_moat,
          minmay_temple_entry_grid
D:6:      layout_basic, basic_altar, kennysheep_path_1
D:7:      layout_loops_ring, chequers_temple_overflow_minitemple,
          nicolae_ossuary_entry_false_entrances, minivault_14, okawaru_trees_2
D:8:      layout_loops_ring, uniq_psyche, uniq_joseph
D:9:      layout_big_octagon, overflow_temple_1_default,
          erik_lair_orcish_takeover, orc_0_dummy
Temple:   nicolae_temple_figure_eight
Lair:1:   layout_cave_pods, maelrawn_ghost_gauntlet_escape, disabler_island,
          grunt_megastairs_3
Lair:2:   layout_gridlike, minmay_swamp_entry_reptiles, zaba_anthole
Lair:3:   lemuel_reptile_caves, layout_small_grid, serial_bayou,
          serial_bayou_pond_e, serial_bayou_pond_b, serial_bayou_shore_b,
          serial_bayou_pond_d, st_stairs_5, infiniplex_staircase_pool_2,
          minmay_lair_oklob_chamber
Lair:4:   nzn_motion_control, layout_regular_city, spider_nest_entry_web_field,
          serial_bayou_pond_a, grunt_megastairs_2, uniq_nergalle
Lair:6:   minmay_lair_end_frog_pond, layout_long_grid, slime_altar_1,
          gauntlet_entry_generic

Skill      XL: |  1  2  3  4  5  6  7  8  9 10 11 12 |
---------------+-------------------------------------+-----
Short Blades   | 3 4 5 6 7 8 |  8.3
Dodging        | 1 2 3 4 5 7 9 |  9.2
Armour         | 4 5 6 7 9 10 | 10.9
Fighting       | 4 5 8 10 11 | 11.5
Shields        | 4 5 7 8 9 11 | 11.3
Stealth        | 1 |  1.3
Unarmed Combat | 1 |  1.2
Invocations    | 7 10 11 | 11.7
Throwing       | |  0.4

Action                   |  1- 3 |  4- 6 |  7- 9 | 10-12 | 13-15 || total
-------------------------+-------+-------+-------+-------+-------++-------
Melee: Rapier            |    93 |    62 |     9 |       |       ||   164
       Headbutt          |     6 |    25 |    82 |   231 |    13 ||   357
       Dagger            |       |   115 |   382 |   917 |    51 ||  1465
       Unarmed           |       |       |    36 |       |       ||    36
Throw: Javelin           |       |       |       |     3 |       ||     3
Invok: Stomp             |       |       |     2 |    10 |     8 ||    20
Evoke: Wand              |       |       |       |    18 |       ||    18
  Use: Potion            |       |       |    16 |       |     1 ||    17
       Scroll            |       |       |     1 |    16 |       ||    17
 Stab: Paralysed         |       |       |     6 |    57 |     2 ||    65
Armor: Scale mail        |    42 |    63 |   104 |    71 |       ||   280
       Skin              |       |       |    23 |       |       ||    23
       Chain mail        |       |       |       |   297 |       ||   297
       Ring mail         |       |       |       |    10 |    15 ||    25
Dodge: Dodged            |    24 |    39 |   109 |   290 |    45 ||   507
Block: Kite shield       |    56 |    77 |   184 |   436 |    43 ||   796

Table legend: (Time is in decaauts)
 A = Elapsed time spent in this place.
 B = Non-inter-level travel time spent in this place.
 C = Inter-level travel time spent in this place.
 D = Time resting spent in this place.
 E = Time spent auto-exploring this place.
 F = Levels seen in this place.
 G = Mean time per level.
                   A        B        C        D        E       F      G
               +--------+--------+--------+--------+--------+-----+--------+
         Total |  17449 |  16940 |    509 |   1980 |  12179 |  16 | 1090.6 |
       Dungeon |  10571 |  10327 |    244 |   1111 |   7538 |   9 | 1174.6 |
        Temple |    249 |    241 |      8 |      0 |    240 |   1 |  249.0 |
          Lair |   5778 |   5521 |    257 |    704 |   3972 |   5 | 1155.6 |
      Gauntlet |    849 |    849 |      0 |    165 |    429 |   1 |  849.0 |
               +--------+--------+--------+--------+--------+-----+--------+

Top non-repeatable levels by time:
  Lair:3: 2402 daAuts
     D:8: 2202 daAuts
     D:7: 1352 daAuts
  Lair:1: 1244 daAuts
     D:9: 1219 daAuts
     D:5: 1144 daAuts
     D:2: 1044 daAuts
     D:3: 983 daAuts
     D:1: 964 daAuts
     D:6: 957 daAuts
  Lair:4: 952 daAuts
  Lair:2: 897 daAuts
Gauntlet: 849 daAuts
     D:4: 701 daAuts
  Lair:6: 281 daAuts
